 Dungeon Crawl Stone Soup version 0.20-a0-261-gcb1eca7 (webtiles) character file.

107 roflturtle the Gusty (level 4, -3/24 HPs)
             Began as a Tengu Air Elementalist on Dec 3, 2016.
             Slain by a bullfrog (8 damage)
             ... on level 3 of the Dungeon on Dec 4, 2016.
             The game lasted 00:13:53 (1980 turns).

roflturtle the Gusty (Tengu Air Elementalist)       Turns: 1980, Time: 00:13:54

Health: -3/24      AC:  2    Str:  9    XL:     4   Next: 86%
Magic:  2/8        EV: 12    Int: 16    God:
Gold:   124        SH:  0    Dex: 14    Spells: 2/7 levels left

rFire  . . .     SeeInvis .     e - +2 hand axe (elec)
rCold  . . .     Gourm    .     a - +0 robe
rNeg   . . .     Faith    .     (no shield)
rPois  .         Spirit   .     (helmet restricted)
rElec  .         Reflect  .     (no cloak)
rCorr  .         Harm     .     (no gloves)
MR     .....                    (boots unavailable)
Stlth  ++........               (no amulet)
                                (no ring)
                                (no ring)

@: no status effects
A: beak, talons 3
a: no special abilities


You were on level 3 of the Dungeon.
You were not hungry.

You visited 1 branch of the dungeon, and saw 3 of its levels.

You collected 124 gold pieces.

Inventory:

Hand Weapons
 e - a +2 hand axe of electrocution (weapon)
 k - a cursed -3 short sword
 r - a +2 dagger of electrocution
Armour
 a - a +0 robe (worn)
Jewellery
 h - an uncursed ring of poison resistance {unknown}
 l - an uncursed ring of protection from fire {unknown}
Wands
 m - a wand of disintegration (10/24)
Scrolls
 f - 3 scrolls of recharging {unknown}
 i - 2 scrolls of teleportation {unknown}
 n - 2 scrolls of identify {unknown}
 p - a scroll of random uselessness {unknown}
 q - 2 scrolls of noise {unknown}
 s - a scroll of remove curse {unknown}
 v - a scroll of immolation {unknown}
Potions
 d - a potion of flight {unknown}
 j - a potion of agility {unknown}
 u - a potion of haste {unknown}
Books
 b - a book of Air

   Spells                             Type                      Level
   a - Shock                          Conjuration/Air              1
   b - Swiftness                      Charms/Air                   2
   c - Repel Missiles                 Charms/Air                   2
   d - Static Discharge               Conjuration/Air              3
   e - Lightning Bolt                 Conjuration/Air              5
Comestibles
 c - 3 bread rations
 g - 2 meat rations
 o - 3 beef jerkies
 t - a chunk of flesh


   Skills:
 - Level 2.1 Dodging
 - Level 2.0 Stealth
 - Level 2.0 Spellcasting
 - Level 5.0 Conjurations
 + Level 5.1 Air Magic


You had 2 spell levels left.
You knew the following spells:

 Your Spells              Type           Power        Failure   Level  Hunger
a - Shock                 Conj/Air       ###.         2%          1    #......
b - Swiftness             Chrm/Air       #.......     12%         2    ###....
c - Repel Missiles        Chrm/Air       #.....       12%         2    ###....


Dungeon Overview and Level Annotations

Branches:
Dungeon (3/15)

Altars:
Elyvilon
Hepliaklqana


Innate Abilities, Weirdness & Mutations

You have a beak for a mouth.
You have claws for feet.


Message History

Casting: Shock
Confirm with . or Enter, or press ? or * to list all spells.
Aiming: Shock
Press: ? - help, Shift-Dir - straight line The zap misses the bullfrog. x2; The bullfrog barely misses you.
Casting: Shock
Confirm with . or Enter, or press ? or * to list all spells.
Aiming: Shock
Press: ? - help, Shift-Dir - straight line The zap misses the bullfrog. x2; The bullfrog barely misses you.
The bullfrog hits you.
* * * LOW HITPOINT WARNING * * *
Casting: Shock
Confirm with . or Enter, or press ? or * to list all spells.
Aiming: Shock
Press: ? - help, Shift-Dir - straight line The zap misses the bullfrog.
The zap hits the bullfrog.
The bullfrog is severely wounded.
The bullfrog hits you!
You die...

#...# ..# #.### #.# #.#
#.# #.# #.# #.# ####.#
#.#### # ##.##># #.##.##
##
####...#.#######.#...####.
+........@..............'.
####...#F#######.#...####.
##.##.# #....## ## ####.##
###.## # #...# #.# #.#.#
#.####### #...# #.(......
##.## #.######. #$ #.# #.


You could see a bullfrog.

Vanquished Creatures
  4 adders
  3 worms (D:2)
  A leopard gecko (D:3)
  2 orcs (D:3)
  11 bats
  5 giant cockroaches
  3 goblins
  4 hobgoblins
  6 jackals
  6 frilled lizards
  12 kobolds
  6 rats
63 creatures vanquished.

Notes
Turn   | Place    | Note
-------+----------+-------------------------------------------
     0 | D:1      | roflturtle the Tengu Air Elementalist began the quest for the Orb.
     0 | D:1      | Reached XP level 1. HP: 10/10 MP: 4/4
   156 | D:1      | Reached XP level 2. HP: 15/15 MP: 4/6
   881 | D:2      | Found a hazy altar of Hepliaklqana.
   885 | D:2      | Found a white marble altar of Elyvilon.
   899 | D:2      | Reached XP level 3. HP: 19/19 MP: 1/7
  1165 | D:2      | Found a faded altar of an unknown god.
  1408 | D:2      | Reached XP level 4. HP: 24/24 MP: 0/8
  1477 | D:3      | Reached skill level 5 in Air Magic
  1851 | D:3      | Reached skill level 5 in Conjurations
  1855 | D:3      | Learned a level 2 spell: Swiftness
  1858 | D:3      | Learned a level 2 spell: Repel Missiles
  1969 | D:3      | Noticed a bullfrog
  1980 | D:3      | Slain by a bullfrog

Vault maps used:
D:1:      dpeg_arrival_simpleton_b
D:2:      grunt_temple_overflow_open, chequers_ecumenical_altar_grove

Skill      XL: |  1  2  3  4 |
---------------+-------------+-----
Conjurations   | 2 4 5 |  5.0
Air Magic      | 5 |  5.1
Dodging        | |  2.1
Stealth        | |  2.0
Spellcasting   | |  2.0

Action                   |  1- 3 |  4- 6 || total
-------------------------+-------+-------++-------
Melee: Hand axe          |    18 |     4 ||    22
       Peck              |     4 |       ||     4
       Kick              |       |     1 ||     1
 Cast: Shock             |    72 |    37 ||   109
  Eat: Chunk             |     3 |     2 ||     5
Armor: Robe              |     4 |     2 ||     6
Dodge: Dodged            |    17 |    11 ||    28
